 Dungeon Crawl Stone Soup version 0.29-a0-821-g6639535 (webtiles) character file.

Game seed: 13089426509343664749

118039 GeorgeSoros the Marksspriggan (level 16, 0/67 HPs)
             Began as a Spriggan Arcane Marksman on July 6, 2022.
             Was the Champion of Dithmenos.
             Succumbed to a black mamba's poison
             ... on level 1 of the Snake Pit on July 7, 2022.
             The game lasted 01:36:48 (25208 turns).

GeorgeSoros the Marksspriggan (SpAM)               Turns: 25208, Time: 01:36:49

Health: 0/67       AC: 11    Str:  6    XL:     16   Next: 24%
Magic:  23/23      EV: 32    Int: 23    God:    Dithmenos [******]
Gold:   3007       SH:  0    Dex: 23    Spells: 5/23 levels left

rFire   . . .      SeeInvis +   a - +8 arbalest of the Solstice {elec, Dex+2}
rCold   . . .      Faith    .   (shield currently unavailable)
rNeg    . . .      Spirit   .   A - +1 steam dragon scales
rPois   .          Reflect  .   C - +2 hat
rElec   +          Harm     .   z - +2 cloak {Will+}
rCorr   +          Rampage  .   (gloves unavailable)
Will    +++..                   (boots unavailable)
Stlth   +++.......              h - amulet "Lami" {RegenMP rElec rCorr}
HPRegen 0.21/turn               o - ring "Biobb" {Int+6 Slay+6}
MPRegen 0.58/turn               m - ring of wizardry

@: lethally poisoned (0 -> -19), wreathed by umbra, very quick
A: very small, no large weapons, unfitting armour, see invisible, speed 3
a: Renounce Religion, Shadow Step, Shadow Form


You were on level 1 of the Snake Pit.
You worshipped Dithmenos.
Dithmenos was exalted by your worship.
You visited 6 branches of the dungeon, and saw 27 of its levels.
You visited 1 bazaar.
You also visited: Bailey.

You collected 3429 gold pieces.
You spent 422 gold pieces at shops.

Inventory:

Hand Weapons
 a - the +8 arbalest of the Solstice (weapon) {elec, Dex+2}
   (You acquired it on level 6 of the Dungeon)

   Any ammunition fired from it occasionally discharges a powerful burst of
   electricity upon striking a foe.
   Dex:       It affects your dexterity (+2).
 b - the +12 dagger "Deri" {venom, rPois rN+++ Will- Int+4}
   (You found it on level 2 of the Dungeon)

   It poisons the flesh of those it strikes.
   Int:       It affects your intelligence (+4).
   rPois:     It protects you from poison.
   rN:        It renders you almost immune to negative energy.
   Will:      It decreases your willpower.
 w - a +0 shortbow of venom
Missiles
 e - 9 throwing nets
Armour
 z - a +2 cloak of willpower (worn)
 A - +1 steam dragon scales (worn)
 C - a +2 hat (worn)
Jewellery
 c - the amulet of Gydutegh {Acrobat rF+ rCorr Int+4}
   (You found it on level 6 of the Lair of Beasts)

   [amulet of the acrobat]

   It increases your evasion while moving and waiting.
   Int:       It affects your intelligence (+4).
   rF:        It protects you from fire.
   rCorr:     It protects you from acid and corrosion.
 h - the amulet "Lami" (around neck) {RegenMP rElec rCorr}
   (You acquired it on level 2 of the Lair of Beasts)

   [amulet of magic regeneration]

   It increases your rate of magic regeneration.
   rElec:     It insulates you from electricity.
   rCorr:     It protects you from acid and corrosion.
 m - a ring of wizardry (right hand)
 o - the ring "Biobb" (left hand) {Int+6 Slay+6}
   (You acquired it on level 4 of the Dungeon)

   [ring of intelligence]

   Int:       It affects your intelligence (+6).
   Slay:      It affects your accuracy & damage with ranged weapons and melee
   (+6).
 r - a +4 ring of slaying
 s - a +6 ring of intelligence
 t - a ring of resist corrosion
 u - an amulet of regeneration
 x - a +6 ring of dexterity
 L - the amulet of Beewofup {rC+ Will++ Regen+}
   (You found it on level 12 of the Dungeon)

   [amulet of regeneration]

   rC:        It protects you from cold.
   Regen:     It increases your rate of health regeneration.
   Will:      It greatly increases your willpower.
 N - a ring of protection from fire
 Q - a ring of protection from cold
Wands
 l - a wand of mindburst (6)
 q - a wand of digging (13)
 B - a wand of roots (19)
 D - a wand of flame (44)
 E - a wand of charming (17)
 F - a wand of acid (14)
Scrolls
 f - 5 scrolls of vulnerability
 p - 7 scrolls of teleportation
 v - 4 scrolls of enchant weapon
 y - 3 scrolls of fear
 I - 4 scrolls of fog
 J - 4 scrolls of blinking
 K - 11 scrolls of identify
 O - a scroll of amnesia
 S - 4 scrolls of summoning
 V - a scroll of magic mapping
 X - a scroll of enchant armour
Potions
 d - 14 potions of curing
 g - 3 potions of flight
 i - 6 potions of might
 j - 3 potions of magic
 k - 2 potions of lignification
 n - 6 potions of heal wounds
 G - 2 potions of resistance
 H - 4 potions of ambrosia
 M - 6 potions of haste
 P - 2 potions of brilliance
 R - 2 potions of cancellation
 T - a potion of invisibility
 U - a potion of berserk rage
Miscellaneous
 W - a box of beasts


   Skills:
 - Level 0.7 Fighting
 - Level 18.0 Ranged Weapons
 - Level 14.8 Dodging
 - Level 4.0 Spellcasting
 - Level 11.5 Hexes
 + Level 14.0 Summonings
 + Level 11.8 Translocations
 + Level 4.2 Evocations


You had 5 spell levels left.
You knew the following spells:

 Your Spells              Type           Power      Damage    Failure   Level
a - Slow                  Hex            100%       N/A       1%          1
b - Inner Flame           Hex/Fire       31%        N/A       1%          3
c - Portal Projectile     Hex/Tloc       100%       N/A       1%          3
d - Summon Cactus Giant   Summ           31%        N/A       1%          6
e - Summon Forest         Summ/Tloc      29%        N/A       1%          5

Your spell library contained the following spells:

 Spells                   Type           Power      Damage    Failure   Level
 Ensorcelled Hibernation  Hex/Ice        62%        N/A       1%          2
 Call Canine Familiar     Summ           62%        N/A       1%          3
 Cause Fear               Hex            27%        N/A       1%          4
 Summon Mana Viper        Hex/Summ       59%        N/A       1%          5
 Beastly Appendage        Tmut           8%         N/A       4%          1
 Foxfire                  Conj/Fire      16%        2x1d4     4%          1
 Sandblast                Erth           8%         2d5       4%          1
 Shock                    Conj/Air       16%        1d4       4%          1
 Sting                    Tmut/Pois      16%        1d3       4%          1
 Leda's Liquefaction      Hex/Erth       15%        N/A       4%          4
 Passwall                 Tmut/Erth      3%         N/A       6%          2
 Poisonous Vapours        Pois/Air       8%         N/A       6%          2
 Scorch                   Fire           8%         2d5       6%          2
 Sublimation of Blood     Necr           4%         N/A       6%          2
 Wereblood                Tmut           4%         N/A       6%          2
 Conjure Flame            Conj/Fire      4%         6-21      12%         3
 Ignite Poison            Fire/Tmut/Pois 4%         N/A       12%         3
 Stone Arrow              Conj/Erth      8%         3d7       12%         3
 Swiftness                Air            4%         N/A       12%         3
 Airstrike                Air            2%         0-2+      38%         4
 Animate Dead             Necr           4%         N/A       38%         4
 Corpse Rot               Necr/Pois/Air  4%         N/A       38%         4
 Flame Wave               Conj/Fire      4%         2d5       38%         4
 Olgreb's Toxic Radiance  Pois           4%         N/A       38%         4
 Petrify                  Tmut/Erth      4%         N/A       38%         4
 Sticky Flame             Conj/Fire      4%         2d3       38%         4
 Borgnjor's Vile Clutch   Necr/Erth      2%         N/A       71%         5
 Irradiate                Conj/Tmut      2%         3d14      71%         5
 Summon Hydra             Summ           31%        N/A       11%         7
 Death Channel            Necr           2%         N/A       99%         6


Dungeon Overview and Level Annotations

Branches:
Dungeon (15/15)            Temple (1/1) D:7            Lair (6/6) D:11
 Shoals (1/4) Lair:3        Snake (2/4) Lair:4        Slime (0/5) Lair:6
    Orc (2/2) D:9             Elf (0/3) Orc:2        Vaults (0/5) D:14
 Bailey (visited)
 Depths: D:15

Altars:
Ashenzari
Dithmenos
Elyvilon
Fedhas
Gozag
Hepliaklqana
Makhleb
Nemelex Xobeh
Okawaru
Ru
Sif Muna
Trog
Vehumet
Wu Jian
Xom
Yredelemnul
Zin
The Shining One

Shops:
D:8 ?   Orc:2 [=(*

Portals:
Trove: D:10 (give 19 potions of curing)

Annotations:
D:4 2 transporters
D:6 2 transporters, RexxRaptorr's ghost, novice GnAM
D:13 3 runed translucent doors, Dega's ghost, journeyman SpHu


Innate Abilities, Weirdness & Mutations

You are very small and have problems with some larger weapons.
You are too small for most types of armour.
You have supernaturally acute eyesight. (SInv)
You cover ground extremely quickly. (Speed+++)


Message History

You feel sick.
You feel sick.
You are no longer poisoned.
The naga warrior roars a battlecry!
The nagas go into a battle-frenzy!
The guardian serpent coils itself and waves its upper body at you.
The bolt of poison hits you!!
You are poisoned.
* * * LOW HITPOINT WARNING * * *
You emit a cloud of dark smoke.
* * * LOW HITPOINT WARNING * * *
You feel very sick.
You feel better.
Blink to where?
Press: ? - help, Dir - move target, p - guardian serpent
As you read the scroll of blinking, it crumbles to dust.
You see here an anaconda corpse.
There is a stone staircase leading up here.
You are too injured to fight recklessly!
Fire: a) +8 arbalest of the Solstice {elec, Dex+2}
Press: ? - help, Shift-Dir - straight line, f - black mamba
Aim: a black mamba (umbra, 67% to hit)
You shoot a bolt. The bolt barely misses the black mamba.
Fire: a) +8 arbalest of the Solstice {elec, Dex+2}
Press: ? - help, Shift-Dir - straight line, f/p - black mamba
Aim: a black mamba (umbra, 67% to hit)
You shoot a bolt. The bolt hits the black mamba!
The black mamba is heavily wounded.
Your shadow shoots a bolt.
The bolt misses the black mamba.
The black mamba bites you!
* * * LOW HITPOINT WARNING * * *
You emit a cloud of dark smoke.
You are lethally poisoned!
The black mamba poisons you!
* * * LOW HITPOINT WARNING * * *
You emit a cloud of dark smoke.
You feel very sick. The black mamba barely misses you.
The black mamba completely misses you.
You climb upwards.
You die...

⌠.#.'...⌠...#.#...######.....#...
..#.#.......'.#÷..####...........
..#.#.#####.####....##.##..##..#.
...###.....## #....##.....##.###
'### ###########.).....##...>.###
..## #....##.....#.##..#####.
...# #..#..#....#).#.^.# #.. >.⌠#
##..#.#S...#.....#####.. ...#
##....@#.....#..#...... ⌠[##
###...........##...##. ###
##...).....##..##.....#
####..#.......##..##.....#
##....###......##..#......#
#..######...............### #.##
#..........##.#...# #.#
###.........###.##### #.#
#.....#.....# #..##


You could see a black mamba.

Vanquished Creatures
  Saint Roka (Orc:2)
  Rupert (Lair:5)
  Gastronok (Lair:2)
  Donald (Snake:1)
  The ghost of Piupt the Blocker, a journeyman DrIE of Ashenzari (D:14)
  Nessos (Lair:5)
  Snorg (D:13)
  Josephine (D:13)
  Harold (D:11)
  3 centaur warriors
  A vault guard (D:14)
  6 hydras
  4 boulder beetles
  4 anacondas
  4 naga warriors (Snake:1)
  An ogre mage (D:15)
  10 two-headed ogres
  Erica (D:9)
  3 tengu warriors
  4 death yaks (Lair:5)
  An orc high priest (Orc:2)
  A shock serpent (Snake:1)
  Sonja (Orc:1)
  Amaemon (Lair:1)
  Nergalle (Lair:2)
  7 skeletal warriors
  Lodul (D:11)
  5 lindwurms
  3 orc knights (Orc:2)
  A wizard (D:14)
  A deep elf pyromancer (D:14)
  2 harpies (Shoals:1)
  2 orc sorcerers (Orc:2)
  2 necromancers (D:14)
  6 ugly things
  4 manticores
  2 cyclopes
  3 fauns (Shoals:1)
  12 elephants
  A merfolk siren (Shoals:1)
  A torpor snail (Lair:6)
  11 black mambas
  An orange demon (Lair:2)
  A gargoyle (D:11)
  A kobold demonologist (D:12)
  3 naga magi (Snake:1)
  18 cane toads
  9 rime drakes
  An efreet (D:13)
  8 komodo dragons
  A komodo dragon (shapeshifter) (D:15)
  3 tengu conjurers
  2 polar bears (Lair:6)
  7 trolls
  6 hornets
  2 burning bushes (Lair:6)
  3 tyrant leeches (Lair:6)
  A wind drake (shapeshifter) (D:13)
  A merfolk (Shoals:1)
  A wind drake (Lair:3)
  A snapping turtle (Shoals:1)
  17 blink frogs (Lair:6)
  7 slime creatures (D:12)
  8 dream sheep
  A culicivora (shapeshifter) (D:14)
  2 centaur simulacra
  6 wraiths
  3 shadows
  51 yaks
  2 wyverns
  2 vampires (D:12)
  6 basilisks
  20 humans (D:14)
  17 vampire mosquitoes
  2 steam dragons
  3 wargs (Orc:2)
  A two-headed ogre zombie (D:9)
  An acid dragon (D:6)
  8 nagas
  17 water moccasins
  41 orc warriors
  A meliai simulacrum (D:14)
  2 ice beasts (D:5)
  4 black bears
  17 ogres
  11 wolves
  8 centaurs
  The ghost of moogleknight the Sneak, an amateur OpEn (D:5)
  4 kobold brigands
  5 phantoms
  4 necrophages
  18 bullfrogs
  2 gnoll sergeants
  3 scorpions
  3 wights (D:8)
  5 killer bees (D:10)
  2 electric eels (Lair:6)
  2 howler monkeys
  A crimson imp (D:4)
  4 hounds
  6 jellies
  2 gnoll boudas
  23 orc priests
  A water moccasin simulacrum (D:5)
  Crazy Yiuf (D:5)
  Jessica (D:3)
  Terence (D:2)
  6 iguanas
  18 orc wizards
  7 ogre zombies (D:9)
  A killer bee simulacrum (D:5)
  22 gnolls
  4 adders
  A hound simulacrum (D:5)
  A shadow imp (D:6)
  3 white imps
  A howler monkey simulacrum (D:5)
  An ufetubus (D:6)
  6 worms
  An adder simulacrum (D:5)
  104 orcs
  6 ball pythons
  11 endoplasms
  3 giant cockroaches
  7 hobgoblins
  A jackal (D:2)
  6 kobolds
  4 quokkas
  6 bats
  5 frilled lizards
  14 goblins
  2 goblin skeletons (D:9)
  4 goblin zombies (D:9)
  3 hobgoblin zombies (D:9)
  4 orc skeletons (D:9)
  12 orc zombies (D:9)
  3 rats (D:1)
803 creatures vanquished.

Vanquished Creatures (collateral kills)
  A tengu warrior (D:14)
  A naga sharpshooter (Snake:1)
  3 ugly things (D:14)
  A naga (Snake:1)
6 creatures vanquished.

Vanquished Creatures (others)
  A blink frog (Lair:6)
  51 fungi
  131 plants
  3 snaplasher vines (D:14)
186 creatures vanquished.

Grand Total: 995 creatures vanquished

Notes
Turn   | Place    | Note
-------+----------+-------------------------------------------
     0 | D:1      | GeorgeSoros the Spriggan Arcane Marksman began the quest
                  | for the Orb.
     0 | D:1      | Reached XP level 1. HP: 9/9 MP: 3/3
   417 | D:1      | Reached XP level 2. HP: 14/14 MP: 5/5
   557 | D:1      | Found a faded altar of an unknown god.
  1504 | D:2      | Identified the +12 dagger "Deri" {venom, rPois rN+++ Will-
                  | Int+4}
  1548 | D:2      | Reached XP level 3. HP: 17/17 MP: 6/6
  1732 | D:2      | Reached skill level 3 in Ranged Weapons
  1876 | D:2      | Reached XP level 4. HP: 21/21 MP: 7/7
  1956 | D:2      | Noticed Terence
  1982 | D:2      | Killed Terence
  2943 | D:3      | Learned a level 3 spell: Inner Flame
  3271 | D:3      | Found a bloodstained altar of Trog.
  3283 | D:3      | Found a shimmering blue altar of Sif Muna.
  3283 | D:3      | Noticed Jessica
  3302 | D:3      | Killed Jessica
  3303 | D:3      | Reached skill level 4 in Ranged Weapons
  3303 | D:3      | Reached XP level 5. HP: 25/25 MP: 8/8
  3309 | D:3      | Got Sif Muna's Catalogue of Metamorphosis
  3771 | D:4      | Found a transporter.
  3771 | D:4      | Found a transporter.
  3854 | D:4      | Found a radiant altar of Vehumet.
  3855 | D:4      | Found a burning altar of Makhleb.
  3896 | D:4      | Reached skill level 5 in Hexes
  4052 | D:4      | Found a basalt altar of Yredelemnul.
  4125 | D:4      | Noticed an ogre
  4184 | D:4      | Killed an ogre
  4185 | D:4      | Reached XP level 6. HP: 29/29 MP: 6/9
  4216 | D:4      | Reached skill level 5 in Ranged Weapons
  4216 | D:4      | Reached skill level 5 in Dodging
  4266 | D:4      | Identified a scroll of acquirement
  4266 | D:4      | Acquired the ring "Biobb" {Int+6 Slay+6}
  4387 | D:5      | Entered Level 5 of the Dungeon
  4844 | D:5      | Reached XP level 7. HP: 32/32 MP: 10/10
  4861 | D:5      | Found a runed translucent gate.
  4862 | D:5      | Found a runed translucent gate.
  4886 | D:5      | Noticed moogleknight's ghost (amateur OpEn)
  5224 | D:5      | Reached skill level 6 in Ranged Weapons
  5746 | D:5      | Reached XP level 8. HP: 27/37 MP: 11/11
  5827 | D:5      | Reached skill level 7 in Ranged Weapons
  5861 | D:5      | Found a runed translucent gate.
  5913 | D:5      | Killed moogleknight's ghost
  6070 | D:5      | Found a runed translucent door.
  6238 | D:5      | Noticed Crazy Yiuf
  6268 | D:5      | Killed Crazy Yiuf
  6481 | D:6      | Reached skill level 8 in Ranged Weapons
  6487 | D:6      | Acquired the +8 arbalest of the Solstice {elec, Dex+2}
  6629 | D:6      | Noticed a green ugly thing
  6632 | D:6      | Noticed RexxRaptorr's ghost (novice GnAM)
  6678 | D:6      | Reached XP level 9. HP: 40/40 MP: 12/12
  6846 | D:6      | Found a transporter.
  6862 | D:6      | Found a transporter.
  6886 | D:6      | Noticed a red ugly thing
  7080 | D:6      | Found a sparkling altar of Nemelex Xobeh.
  7185 | D:7      | Found a flagged portal.
  7192 | Bailey   | Entered a bailey
  7202 | Bailey   | Reached skill level 9 in Ranged Weapons
  7446 | Bailey   | Identified the +8 plate armour "Qeeba" {Regen+ Int+4}
  7540 | D:7      | Learned a level 3 spell: Portal Projectile
  7601 | D:7      | Found a staircase to the Ecumenical Temple.
  7610 | Temple   | Entered the Ecumenical Temple
  7619 | Temple   | Became a worshipper of Dithmenos the Shadowed
  7766 | D:7      | Found a sacrificial altar of Ru.
  7872 | D:7      | Reached skill level 10 in Ranged Weapons
  7923 | D:7      | Identified the ring "Lunoech" {Ice Will++ rCorr MP-9 SInv}
  8647 | D:8      | Reached XP level 10. HP: 43/44 MP: 13/13
  8834 | D:8      | Found Utifrote's Magic Scroll Shop.
  8839 | D:8      | Bought a scroll of blinking for 97 gold pieces
  9005 | D:9      | Reached * piety under Dithmenos
  9034 | D:9      | Reached skill level 10 in Dodging
  9245 | D:9      | Reached ** piety under Dithmenos
  9267 | D:9      | Reached skill level 11 in Ranged Weapons
  9286 | D:9      | Reached skill level 10 in Hexes
  9304 | D:9      | Found a staircase to the Orcish Mines.
  9336 | D:9      | Noticed Erica
  9349 | D:9      | Killed Erica
  9672 | D:10     | Entered Level 10 of the Dungeon
  9936 | D:10     | Reached *** piety under Dithmenos
 10096 | D:10     | Found an opulent altar of Gozag.
 10102 | D:10     | Reached skill level 12 in Ranged Weapons
 10347 | D:10     | Noticed a two-headed ogre
 10360 | D:10     | Killed a two-headed ogre
 10361 | D:10     | Reached XP level 11. HP: 48/48 MP: 7/14
 10492 | D:10     | Found a portal to a secret trove of treasure.
 10534 | D:10     | Found a shimmering altar of Xom.
 10534 | D:10     | Found a shimmering altar of Xom.
 10535 | D:10     | Found a shimmering altar of Xom.
 10536 | D:10     | Found a shimmering altar of Xom.
 10636 | D:10     | Noticed a three-headed hydra
 10683 | D:10     | Killed a three-headed hydra
 10851 | D:11     | Noticed a boulder beetle
 10864 | D:11     | Killed a boulder beetle
 10962 | D:11     | Noticed a boulder beetle
 10983 | D:11     | Killed a boulder beetle
 10984 | D:11     | Reached skill level 13 in Ranged Weapons
 11024 | D:11     | Found a staircase to the Lair.
 11074 | D:11     | Reached **** piety under Dithmenos
 11274 | D:11     | Noticed Lodul
 11356 | D:11     | Killed Lodul
 11449 | D:11     | Noticed Harold
 11452 | D:11     | Killed Harold
 11489 | D:11     | Learned a level 6 spell: Summon Cactus Giant
 11668 | Lair:1   | Entered Level 1 of the Lair of Beasts
 11783 | Lair:1   | Reached skill level 1 in Translocations
 11794 | Lair:1   | Acquired 413 gold pieces
 12012 | Lair:1   | Reached skill level 1 in Summonings
 12012 | Lair:1   | Reached XP level 12. HP: 49/52 MP: 19/19
 12032 | Lair:1   | Reached skill level 14 in Ranged Weapons
 12065 | Lair:1   | Identified the +5 shortbow of the Shining Light {vorpal,
                  | Int+5}
 12289 | Lair:2   | Noticed Amaemon
 12292 | Lair:2   | Noticed a boulder beetle
 12312 | Lair:1   | Killed Amaemon
 12531 | Lair:2   | Acquired the amulet "Lami" {RegenMP rElec rCorr}
 12622 | Lair:2   | You fall into a shaft and drop 2 floors!
 12821 | Lair:2   | Noticed Gastronok
 12837 | Lair:2   | Killed Gastronok
 12892 | Lair:2   | Noticed Nergalle
 12901 | Lair:2   | Killed Nergalle
 13271 | Lair:2   | Reached skill level 15 in Ranged Weapons
 13349 | Lair:2   | Killed a boulder beetle
 13801 | Lair:3   | Reached ***** piety under Dithmenos
 13873 | Lair:3   | Noticed an eight-headed hydra
 13878 | Lair:3   | Killed an eight-headed hydra
 14046 | Lair:3   | Reached XP level 13. HP: 31/56 MP: 20/20
 14525 | Lair:3   | Found a staircase to the Shoals.
 15447 | Lair:4   | Reached skill level 16 in Ranged Weapons
 15579 | Lair:4   | Found a staircase to the Snake Pit.
 15754 | Lair:4   | Reached skill level 5 in Summonings
 15903 | Lair:5   | Noticed Nessos
 15907 | Lair:5   | Killed Nessos
 16565 | Lair:5   | Found an iron altar of Okawaru.
 16664 | Lair:5   | Reached skill level 17 in Ranged Weapons
 17355 | Lair:5   | Noticed Rupert
 17360 | Lair:5   | Killed Rupert
 17361 | Lair:5   | Reached XP level 14. HP: 60/60 MP: 21/21
 17424 | Lair:6   | Entered Level 6 of the Lair of Beasts
 17870 | Lair:6   | Reached skill level 18 in Ranged Weapons
 18087 | Lair:6   | Reached ****** piety under Dithmenos
 18764 | Lair:6   | Found a staircase to the Slime Pits.
 18908 | Lair:6   | Identified the amulet of Gydutegh {Acrobat rF+ rCorr Int+4}
 19200 | Orc:1    | Entered Level 1 of the Orcish Mines
 19215 | Orc:1    | Noticed Sonja
 19254 | Orc:1    | Killed Sonja
 19615 | Orc:2    | Entered Level 2 of the Orcish Mines
 19615 | Orc:2    | Found a staircase to the Elven Halls.
 19742 | Orc:2    | Reached skill level 10 in Summonings
 20217 | Orc:2    | Noticed Saint Roka
 20247 | Orc:2    | Killed Saint Roka
 20316 | Orc:2    | Found Pixtaub's Jewellery Emporium.
 20328 | Orc:2    | Found Jewa's General Store.
 20372 | Orc:2    | Found Kyhonia's Antique Armour Emporium.
 20387 | Orc:2    | Found Votrow's Antique Weapon Emporium.
 20461 | Orc:2    | Bought a potion of heal wounds for 65 gold pieces
 20461 | Orc:2    | Bought 2 potions of haste for 260 gold pieces
 21033 | D:12     | Reached XP level 15. HP: 43/63 MP: 22/22
 21306 | D:12     | Identified the amulet of Beewofup {rC+ Will++ Regen+}
 21472 | D:13     | You fall into a shaft and drop 2 floors!
 21472 | D:15     | Entered Level 15 of the Dungeon
 21612 | D:13     | Noticed Josephine
 21652 | D:13     | Learned a level 5 spell: Summon Forest
 21798 | D:13     | Killed Josephine
 21983 | D:13     | Found a runed translucent gate.
 21983 | D:13     | Found a runed translucent gate.
 21983 | D:13     | Found a runed translucent gate.
 21992 | D:13     | Noticed Dega's ghost (journeyman SpHu)
 22039 | D:13     | Noticed Snorg
 22082 | D:13     | Killed Snorg
 22083 | D:13     | Reached skill level 5 in Translocations
 22639 | D:14     | Found a runed translucent door.
 23061 | D:14     | Identified the +1 chain mail "Zirub" {rN++ Will+}
 23070 | D:14     | Found a basalt altar of Yredelemnul.
 23178 | D:14     | Noticed Piupt's ghost (journeyman DrIE)
 23353 | D:14     | Found a gate to the Vaults.
 23367 | D:14     | Reached skill level 10 in Translocations
 23600 | D:14     | Killed Piupt's ghost
 23778 | Shoals:1 | Entered Level 1 of the Shoals
 23957 | Shoals:1 | Reached XP level 16. HP: 67/67 MP: 23/23
 23959 | Lair:3   | Upgraded the game from 0.29-a0-819-g94b489e to
                  | 0.29-a0-821-g6639535
 24003 | Snake:1  | Entered Level 1 of the Snake Pit
 24042 | Snake:1  | Reached skill level 1 in Evocations
 24578 | Snake:1  | Noticed Donald
 24665 | Snake:1  | Killed Donald
 25050 | Snake:2  | Found a flickering gateway to a bazaar.
 25055 | Bazaar   | Entered a bazaar
 25055 | Bazaar   | Found Kumi's Magic Scroll Shoppe.
 25055 | Bazaar   | Found Hikibbal's Magic Scroll Emporium.
 25055 | Bazaar   | Found Vadonwad's Antique Armour Emporium.
 25055 | Bazaar   | Found Mehasep's Armour Shoppe.
 25208 | Snake:1  | Succumbed to a black mamba's poison

Illustrated notes

Levels and vault maps discovered:
D:1:      sevenhm_arrival_forest_fort_large_2, layout_basic,
          shapermc_ecumenical_altar_notcrosses, serial_bayou_lake_a
D:2:      minmay_diamond_boxcup, layout_basic, palyth_stone_intersect,
          uniq_terence
D:3:      layout_basic, nzn_overflow_gifts_of_might_and_magic
D:4:      layout_cave_pools, grunt_temple_overflow_lords_of_destruction,
          mainiacjoe_overflow_surrounded_room, gammafunk_ghost_gnarly_gnolls
D:5:      layout_gridville, gammafunk_ghost_icy, minmay_misc_feat_plants,
          minivault_27, uniq_crazy_yiuf_cottage
D:6:      layout_basic, mainiacjoe_overflow_alcove_1,
          gammafunk_ghost_abyssal_escape, corexii_shack,
          minmay_misc_feat_more_columns, nicolae_lava_and_water,
          grunt_ministairs_6
D:7:      layout_loops_corners, nicolae_ru_sacrificial_ziggurat,
          minmay_temple_entry_large_hall, enter_bailey_3
D:8:      layout_basic, serial_shops, nicolae_shop_hallway_plus
D:9:      layout_roguey [special_room_orc], zombieorc2_lemuel, uniq_erica
D:10:     layout_roguey, xom_redecorated, lemuel_doored_altar,
          nicolae_trove_entry_crystal, hangedman_ranch
D:11:     layout_roguey, david_lair_generic, minmay_misc_feat_tower,
          nicolae_straight_to_the_point, uniq_harold, uniq_lodul
D:12:     layout_roguey, minmay_lindwurm_lava
D:13:     layout_long_grid, ebering_ghost_rock_garden, uniq_snorg,
          uniq_josephine
D:14:     layout_cave_pools, grunt_vaults_entry_tiered,
          yredelemnul_altar_generic, ebering_ghost_reflecting_pool, special_room
          [special_room_orc]
D:15:     hangedman_depths_entry_civil_slaughter, layout_loops_ring,
          nicolae_dithmenos_the_darkroom
Temple:   nicolae_temple_ecumenical_triangle
Lair:1:   layout_misc_corridors
Lair:2:   layout_loops_ring, serial_bayou_shore_b, uniq_gastronok,
          uniq_nergalle, uniq_amaemon
Lair:3:   cheibrodos_lair_overgrown_chateau, layout_small_grid,
          minmay_shoals_entry_beasts, portal_ice_cave_rime
Lair:4:   layout_hall_layers, minmay_snake_entry_guardpost_small
Lair:5:   layout_layer_cave, basic_altar, lightli_volcano_entry_magma_tube,
          nicolae_quartered_pool_little, wad_woods_06, lemuel_fruit_tree,
          uniq_nessos, uniq_rupert
Lair:6:   minmay_lair_end_frog_pond, layout_regular_city,
          nicolae_slime_entry_slimehenge, evilmike_ambush
          [evilmike_ambush_outer_doors, evilmike_ambush_inner_wall_2]
Shoals:1: layout_shoals, ebering_ghost_gozag
Snake:1:  layout_misc_corridors, hangedman_venom_bottle, grunt_megastairs_1,
          uniq_donald
Snake:2:  nicolae_snakescales, layout_onion_interference, serial_shops,
          bzr_entry_road, library_closet
Orc:1:    layout_caves, uniq_sonja
Orc:2:    grunt_orc_cross, layout_diamond_mine

Skill      XL: |  1  2  3  4  5  6  7  8  9 10 11 12 13 14 15 16 |
---------------+-------------------------------------------------+-----
Dodging        | 3 4 5 6 8 9 11 13 14 | 14.8
Hexes          | 4 5 6 7 9 10 11 | 11.5
Ranged Weapons | 3 4 5 6 8 10 12 13 15 17 18 | 18.0
Spellcasting   | 4 |  4.0
Translocations | 2 3 10 11 | 11.8
Summonings     | 1 4 6 11 13 14 | 14.0
Evocations     | 4 |  4.2
Fighting       | |  0.7

Action                   |  1- 3 |  4- 6 |  7- 9 | 10-12 | 13-15 | 16-18 || total
-------------------------+-------+-------+-------+-------+-------+-------++-------
Melee: Dagger            |     2 |       |       |       |       |     1 ||     3
 Fire: Sling             |   130 |   269 |    15 |       |       |       ||   414
       Shortbow          |       |       |    99 |       |       |       ||    99
       Arbalest          |       |       |   151 |   436 |  1040 |    82 ||  1709
 Cast: Slow              |    10 |    22 |     8 |    15 |     5 |     5 ||    65
       Inner Flame       |       |       |     7 |    21 |     8 |     1 ||    37
       Portal Projectile |       |       |       |     5 |     7 |     1 ||    13
       Summon Forest     |       |       |       |       |     4 |     1 ||     5
       Summon Cactus Gia |       |       |       |       |     1 |       ||     1
Evoke: Wand              |       |       |       |     1 |       |       ||     1
  Use: Scroll            |     5 |     6 |     7 |     9 |     2 |     2 ||    31
       Potion            |       |       |       |     1 |     4 |     1 ||     6
 Stab: Sleeping          |       |       |       |       |       |     1 ||     1
Armor: Robe              |     4 |     3 |     8 |       |       |       ||    15
       Steam dragon scal |       |       |       |    14 |    16 |     6 ||    36
Dodge: Dodged            |    26 |    47 |    57 |   194 |   205 |    68 ||   597

Table legend: (Time is in decaauts)
 A = Elapsed time spent in this place.
 B = Non-inter-level travel time spent in this place.
 C = Inter-level travel time spent in this place.
 D = Time resting spent in this place.
 E = Time spent auto-exploring this place.
 F = Levels seen in this place.
 G = Mean time per level.
                   A        B        C        D        E       F      G
               +--------+--------+--------+--------+--------+-----+--------+
         Total |  18560 |  17362 |   1198 |   2274 |   9765 |  29 |  640.0 |
       Dungeon |  10717 |   9892 |    825 |    902 |   5868 |  15 |  714.5 |
        Temple |     12 |     12 |      0 |      0 |      0 |   1 |   12.0 |
          Lair |   5875 |   5568 |    307 |   1227 |   2961 |   6 |  979.2 |
        Shoals |     42 |     42 |      0 |      0 |      0 |   1 |   42.0 |
     Snake Pit |    753 |    738 |     15 |     70 |    425 |   2 |  376.5 |
  Orcish Mines |    925 |    876 |     49 |     74 |    456 |   2 |  462.5 |
        Bazaar |     32 |     32 |      0 |      0 |     18 |   1 |   32.0 |
        Bailey |    201 |    201 |      0 |      0 |     36 |   1 |  201.0 |
               +--------+--------+--------+--------+--------+-----+--------+

Top non-repeatable levels by time:
  Lair:3: 1365 daAuts
  Lair:6: 1104 daAuts
  Lair:5: 1103 daAuts
     D:4: 1099 daAuts
     D:5: 1066 daAuts
     D:1: 1045 daAuts
     D:2: 956 daAuts
  Lair:4: 920 daAuts
    D:14: 885 daAuts
  Lair:2: 883 daAuts
    D:11: 805 daAuts
    D:10: 796 daAuts
 Snake:1: 681 daAuts
     D:3: 679 daAuts
     D:7: 662 daAuts
